[ AOE2 MATCH · #506351085 ]
UnrankedTupi vs Magyars
Player's team · WIN
Rival team · LOSS
[ REPLAY ANALYSIS · EXTRACTED FROM THE RECORDED GAME ]
Feudal
10:45
Castle
17:46
Imperial
33:25
| APM avg | 62.6 |
| APM peak | 102 |
| eAPM avg | 29.7 |
| Villagers / military | 170 / 99 |
Focus
⚔️ 40.6% · 🌾 59.4%
Unknown (2579) ×175 · Spearman ×95 · Trebuchet (Packed) ×4 · Unknown (2550) ×3
Feudal
10:46
Castle
15:11
Imperial
47:20
| APM avg | 64.1 |
| APM peak | 128 |
| eAPM avg | 32.9 |
| Villagers / military | 135 / 173 |
Focus
⚔️ 53.6% · 🌾 46.4%
Magyar Huszar ×153 · Battering Ram ×14 · Monk ×4 · Mangonel ×2
Match map
Initial resources + every placement click. Lines = walls · curves = elevation contours. ◆ gold · ⬟ stone · ● berries · ✦ relic · ◌ wall gap
Your base· ✓ Closed at 17:46 · 74t walls · 2 gate(s)
Dennis哥's base· Open — unwalled flank
Smoothed initial terrain · ◌ = detected wall gap · hover for details
Inputs per minute
— Hoanginator - - Dennis哥
Build order — Hoanginator
First 150 of 431 actions detected
| 0:00 | Create | Villager (Male) |
| 0:01 | Build | House |
| 0:02 | Build | House |
| 0:15 | Create | Villager (Male) |
| 0:20 | Create | Villager (Male) |
| 0:20 | Create | Villager (Male) |
| 0:21 | Create | Villager (Male) |
| 1:11 | Build | Palisade Gate |
| 1:18 | Build | Palisade Gate |
| 1:26 | Create | Villager (Male) |
| 1:40 | Create | Villager (Male) |
| 1:41 | Create | Villager (Male) |
| 1:51 | Build | House |
| 2:21 | Create | Villager (Male) |
| 2:21 | Create | Villager (Male) |
| 2:45 | Build | Settlement |
| 2:48 | Create | Villager (Male) |
| 2:48 | Create | Villager (Male) |
| 3:02 | Create | Villager (Male) |
| 3:12 | Create | Villager (Male) |
| 3:12 | Create | Villager (Male) |
| 3:28 | Create | Villager (Male) |
| 3:28 | Create | Villager (Male) |
| 3:32 | Build | House |
| 3:47 | Create | Villager (Male) |
| 3:47 | Create | Villager (Male) |
| 4:23 | Create | Villager (Male) |
| 5:04 | Create | Villager (Male) |
| 5:24 | Build | Outpost |
| 5:34 | Create | Villager (Male) |
| 5:35 | Create | Villager (Male) |
| 5:37 | Build | Settlement |
| 6:32 | Research | Loom |
| 6:33 | Create | Villager (Male) |
| 6:53 | Build | Barracks |
| 7:08 | Create | Villager (Male) |
| 7:29 | Create | Villager (Male) |
| 7:34 | Create | Unit 2550 |
| 8:07 | Create | Villager (Male) |
| 8:35 | Research | Feudal Age |
| 8:35 | Research | Feudal Age |
| 9:29 | Build | Palisade Wall |
| 9:30 | Build | Palisade Wall |
| 9:31 | Build | Palisade Wall |
| 9:31 | Build | Palisade Wall |
| 9:43 | Create | Unit 2550 |
| 9:55 | Build | House |
| 10:02 | Create | Unit 2550 |
| 10:11 | Build | Farm |
| 10:12 | Build | Farm |
| 10:13 | Build | Farm |
| 10:15 | Create | Villager (Male) |
| 10:21 | Build | Settlement |
| 10:45 | Age | Feudal Age |
| 11:18 | Create | Villager (Male) |
| 11:30 | Create | Villager (Male) |
| 11:31 | Build | Farm |
| 11:32 | Research | Double-Bit Axe |
| 11:50 | Create | Villager (Male) |
| 12:02 | Create | Villager (Male) |
| 12:13 | Build | Settlement |
| 12:21 | Create | Villager (Male) |
| 12:58 | Research | Tech 1402 |
| 13:00 | Create | Villager (Male) |
| 13:06 | Create | Villager (Male) |
| 13:08 | Build | Farm |
| 13:12 | Create | Villager (Male) |
| 13:28 | Build | Market |
| 14:13 | Build | Blacksmith |
| 14:28 | Build | Stone Wall |
| 14:37 | Create | Villager (Male) |
| 14:42 | Build | Farm |
| 15:06 | Research | Castle Age |
| 15:07 | Research | Castle Age |
| 15:33 | Build | Palisade Wall |
| 15:35 | Build | Palisade Wall |
| 15:35 | Build | Palisade Wall |
| 15:36 | Build | Palisade Wall |
| 15:39 | Build | Palisade Wall |
| 15:40 | Build | Palisade Wall |
| 15:41 | Build | Palisade Wall |
| 15:46 | Build | Palisade Wall |
| 15:49 | Build | Palisade Wall |
| 16:47 | Create | Villager (Male) |
| 17:13 | Build | House |
| 17:19 | Build | Stone Wall |
| 17:26 | Create | Villager (Male) |
| 17:30 | Build | Stone Wall |
| 17:38 | Build | Stone Wall |
| 17:39 | Create | Villager (Male) |
| 17:46 | Age | Castle Age |
| 17:54 | Build | Stone Wall |
| 18:11 | Create | Villager (Male) |
| 18:24 | Build | Castle |
| 18:27 | Create | Villager (Male) |
| 18:36 | Create | Villager (Male) |
| 18:41 | Build | Palisade Wall |
| 18:44 | Create | Villager (Male) |
| 18:47 | Build | House |
| 18:49 | Build | Farm |
| 18:58 | Create | Villager (Male) |
| 19:11 | Build | Stone Wall |
| 19:13 | Build | Stone Wall |
| 19:18 | Build | Town Center |
| 19:21 | Build | Stone Wall |
| 19:25 | Create | Villager (Male) |
| 19:27 | Create | Unit 2579 |
| 19:27 | Create | Unit 2579 |
| 19:28 | Create | Unit 2579 |
| 19:34 | Research | Fletching |
| 19:35 | Create | Villager (Male) |
| 19:39 | Build | Stone Wall |
| 20:00 | Create | Villager (Male) |
| 20:05 | Create | Villager (Male) |
| 20:05 | Create | Villager (Male) |
| 20:17 | Create | Unit 2579 |
| 20:28 | Create | Villager (Male) |
| 20:28 | Create | Villager (Male) |
| 20:29 | Create | Villager (Male) |
| 20:31 | Build | Farm |
| 20:39 | Create | Villager (Male) |
| 20:41 | Build | Farm |
| 20:54 | Create | Villager (Male) |
| 20:54 | Create | Villager (Male) |
| 20:59 | Create | Villager (Male) |
| 20:59 | Create | Villager (Male) |
| 21:11 | Build | Stone Wall |
| 21:21 | Research | Bodkin Arrow |
| 21:21 | Research | Bodkin Arrow |
| 21:27 | Create | Unit 2579 |
| 21:27 | Create | Unit 2579 |
| 21:27 | Create | Unit 2579 |
| 21:27 | Create | Unit 2579 |
| 21:28 | Create | Unit 2579 |
| 21:30 | Build | Palisade Gate |
| 21:34 | Create | Villager (Male) |
| 21:35 | Create | Villager (Male) |
| 21:41 | Build | Farm |
| 21:43 | Build | Farm |
| 21:45 | Build | Farm |
| 21:49 | Create | Unit 2579 |
| 21:52 | Build | Farm |
| 21:59 | Build | Farm |
| 22:01 | Create | Villager (Male) |
| 22:11 | Build | Settlement |
| 22:24 | Create | Villager (Male) |
| 22:33 | Build | Stone Wall |
| 22:36 | Create | Unit 2579 |
| 22:37 | Create | Villager (Male) |
| 22:37 | Create | Villager (Male) |
Build order — Dennis哥
First 150 of 472 actions detected
| 0:00 | Create | Villager (Male) ×4 |
| 0:01 | Build | House |
| 0:02 | Build | House |
| 1:25 | Create | Villager (Male) |
| 1:54 | Create | Villager (Male) |
| 2:07 | Create | Villager (Male) |
| 2:07 | Create | Villager (Male) |
| 2:35 | Build | Lumber Camp |
| 2:43 | Create | Villager (Male) |
| 2:43 | Create | Villager (Male) |
| 3:07 | Create | Villager (Male) |
| 3:07 | Create | Villager (Male) |
| 3:30 | Create | Villager (Male) |
| 3:50 | Build | House |
| 3:50 | Build | House |
| 3:53 | Create | Villager (Male) |
| 4:12 | Create | Villager (Male) |
| 4:42 | Create | Villager (Male) |
| 4:42 | Create | Villager (Male) |
| 5:38 | Build | Mill |
| 6:11 | Create | Villager (Male) |
| 6:37 | Create | Villager (Male) |
| 6:37 | Create | Villager (Male) |
| 6:37 | Create | Villager (Male) |
| 6:49 | Build | Mining Camp |
| 7:33 | Build | Mill |
| 8:09 | Research | Loom |
| 8:36 | Research | Feudal Age |
| 8:36 | Research | Feudal Age |
| 9:41 | Create | Villager (Male) |
| 10:46 | Age | Feudal Age |
| 10:48 | Build | Market |
| 10:51 | Build | Blacksmith |
| 10:54 | Build | Blacksmith |
| 11:08 | Create | Villager (Male) |
| 12:31 | Research | Castle Age |
| 12:39 | Build | Farm |
| 12:52 | Build | Farm |
| 12:57 | Build | Farm |
| 13:17 | Build | Farm |
| 13:32 | Build | Palisade Wall |
| 13:44 | Build | Palisade Wall |
| 13:46 | Create | Villager (Male) |
| 13:58 | Build | Palisade Wall |
| 14:10 | Build | Farm |
| 14:13 | Build | Farm |
| 14:18 | Create | Villager (Male) |
| 15:02 | Research | Double-Bit Axe |
| 15:03 | Research | Double-Bit Axe |
| 15:11 | Age | Castle Age |
| 15:12 | Build | Castle |
| 15:42 | Research | Wheelbarrow |
| 15:45 | Research | Town Watch |
| 15:48 | Build | Mining Camp |
| 16:13 | Create | Magyar Huszar |
| 16:15 | Create | Villager (Male) |
| 16:26 | Build | Farm |
| 16:28 | Build | Farm |
| 16:29 | Build | Farm |
| 16:33 | Create | Villager (Male) |
| 16:41 | Create | Magyar Huszar |
| 16:58 | Create | Magyar Huszar |
| 17:00 | Create | Villager (Male) |
| 17:18 | Create | Magyar Huszar |
| 17:20 | Create | Villager (Male) |
| 17:22 | Build | Farm |
| 17:24 | Build | Farm |
| 17:29 | Create | Villager (Male) |
| 17:44 | Create | Magyar Huszar |
| 17:53 | Create | Magyar Huszar |
| 17:54 | Create | Villager (Male) |
| 18:06 | Build | Monastery |
| 18:09 | Create | Magyar Huszar |
| 18:24 | Create | Magyar Huszar |
| 18:40 | Create | Villager (Male) |
| 18:57 | Create | Monk |
| 18:58 | Create | Monk |
| 19:00 | Create | Villager (Male) |
| 19:02 | Build | Farm |
| 19:07 | Build | Farm |
| 19:09 | Build | Farm |
| 19:14 | Create | Magyar Huszar |
| 19:19 | Create | Villager (Male) |
| 19:31 | Create | Magyar Huszar |
| 19:44 | Build | House |
| 19:45 | Build | House |
| 20:00 | Research | Scale Barding Armor |
| 20:01 | Create | Monk |
| 20:16 | Create | Magyar Huszar |
| 20:26 | Create | Villager (Male) |
| 20:44 | Create | Magyar Huszar |
| 20:52 | Create | Magyar Huszar |
| 20:57 | Create | Villager (Male) |
| 21:23 | Create | Villager (Male) |
| 21:36 | Build | Barracks |
| 21:38 | Create | Magyar Huszar |
| 21:45 | Create | Villager (Male) |
| 22:06 | Build | House |
| 22:07 | Build | House |
| 22:11 | Build | House |
| 22:14 | Research | Wheelbarrow |
| 22:20 | Create | Monk |
| 22:25 | Research | Horse Collar |
| 22:33 | Create | Villager (Male) |
| 22:34 | Build | Farm |
| 22:55 | Create | Villager (Male) |
| 22:58 | Build | Stable |
| 23:06 | Create | Magyar Huszar |
| 23:10 | Create | Villager (Male) |
| 23:20 | Build | Lumber Camp |
| 23:20 | Create | Villager (Male) |
| 23:35 | Create | Villager (Male) |
| 23:40 | Build | House |
| 23:42 | Create | Magyar Huszar |
| 23:54 | Research | Husbandry |
| 23:54 | Research | Husbandry |
| 23:57 | Build | Farm |
| 24:02 | Create | Magyar Huszar |
| 24:16 | Create | Villager (Male) |
| 24:25 | Build | House |
| 24:25 | Build | House |
| 24:27 | Create | Villager (Male) |
| 24:49 | Research | Chain Barding Armor |
| 24:52 | Build | House |
| 24:53 | Build | House |
| 24:55 | Build | House |
| 24:55 | Build | House |
| 24:56 | Build | House |
| 24:59 | Create | Magyar Huszar |
| 25:22 | Build | Town Center |
| 25:27 | Create | Villager (Male) |
| 25:29 | Build | House |
| 25:36 | Build | Farm |
| 25:46 | Create | Villager (Male) |
| 26:00 | Build | Farm |
| 26:08 | Create | Magyar Huszar |
| 26:15 | Create | Villager (Male) |
| 26:25 | Create | Villager (Male) |
| 26:31 | Create | Villager (Male) |
| 26:33 | Create | Magyar Huszar |
| 26:42 | Create | Villager (Male) |
| 26:52 | Build | Farm |
| 26:53 | Build | Farm |
| 27:07 | Create | Magyar Huszar |
| 27:14 | Create | Villager (Male) |
| 27:22 | Build | Town Center |
| 27:28 | Create | Magyar Huszar |
| 27:34 | Create | Villager (Male) |
| 27:36 | Build | Farm |
| 27:37 | Build | Farm |
Match timeline
| 6:53 | Hoanginator · first_building Barracks |
| 9:29 | Hoanginator · wall_segment Palisade Wall x1 |
| 9:30 | Hoanginator · wall_segment Palisade Wall x1 |
| 9:31 | Hoanginator · wall_segment Palisade Wall x1 |
| 9:31 | Hoanginator · wall_segment Palisade Wall x1 |
| 10:45 | Hoanginator · age_up feudal |
| 10:46 | Dennis哥 · age_up feudal |
| 11:49 | Dennis哥 · first_market_sell 100 stone |
| 13:32 | Dennis哥 · wall_segment Palisade Wall x1 |
| 13:44 | Dennis哥 · wall_segment Palisade Wall x1 |
| 13:58 | Dennis哥 · wall_segment Palisade Wall x1 |
| 14:28 | Hoanginator · wall_segment Stone Wall x11 |
| 14:49 | Hoanginator · first_market_buy 100 food |
| 15:03 | Hoanginator · first_market_sell 100 stone |
| 15:11 | Dennis哥 · age_up castle |
| 15:12 | Dennis哥 · first_building Castle |
| 15:33 | Hoanginator · wall_segment Palisade Wall x3 |
| 15:35 | Hoanginator · wall_segment Palisade Wall x1 |
| 15:35 | Hoanginator · wall_segment Palisade Wall x1 |
| 15:36 | Hoanginator · wall_segment Palisade Wall x1 |
| 15:39 | Hoanginator · wall_segment Palisade Wall x5 |
| 15:40 | Hoanginator · wall_segment Palisade Wall x1 |
| 15:41 | Hoanginator · wall_segment Palisade Wall x5 |
| 15:46 | Hoanginator · wall_segment Palisade Wall x15 |
| 15:49 | Hoanginator · wall_segment Palisade Wall x9 |
| 17:19 | Hoanginator · wall_segment Stone Wall x5 |
| 17:30 | Hoanginator · wall_segment Stone Wall x1 |
| 17:38 | Hoanginator · wall_segment Stone Wall x12 |
| 17:46 | Hoanginator · age_up castle |
| 17:54 | Hoanginator · wall_segment Stone Wall x3 |
| 18:06 | Dennis哥 · first_building Monastery |
| 18:24 | Hoanginator · first_building Castle |
| 18:41 | Hoanginator · wall_segment Palisade Wall x1 |
| 19:11 | Hoanginator · wall_segment Stone Wall x1 |
| 19:13 | Hoanginator · wall_segment Stone Wall x1 |
| 19:21 | Hoanginator · wall_segment Stone Wall x1 |
| 19:39 | Hoanginator · wall_segment Stone Wall x1 |
| 21:11 | Hoanginator · wall_segment Stone Wall x3 |
| 21:36 | Dennis哥 · first_building Barracks |
| 22:33 | Hoanginator · wall_segment Stone Wall x1 |
| 22:57 | Dennis哥 · first_market_buy 100 wood |
| 22:58 | Dennis哥 · first_building Stable |
| 26:24 | Hoanginator · wall_segment Stone Wall x1 |
| 26:29 | Hoanginator · wall_segment Stone Wall x1 |
| 26:38 | Hoanginator · wall_segment Palisade Wall x1 |
| 26:50 | Hoanginator · wall_segment Palisade Wall x1 |
| 26:55 | Hoanginator · wall_segment Palisade Wall x1 |
| 31:53 | Dennis哥 · first_building Siege Workshop |
| 33:25 | Hoanginator · age_up imperial |
| 42:52 | Hoanginator · wall_segment Palisade Wall x1 |
| 47:20 | Dennis哥 · age_up imperial |
| 47:57 | Dennis哥 · resign |
[ AI ANALYSIS · 1 CREDIT ]
What really happened in this match?
Wolo.gg analyzes every decision: build order, eco, micro, common mistakes by bracket. Personalized analysis on WhatsApp or Discord in 30 seconds.
Civ guide
Tupi
Perfil
Hoang (Hoanginator)